 Dungeon Crawl Stone Soup version 0.21.1-1-g345015f (webtiles) character file.

53 Iko the Charlatan (level 3, -1/28 HPs)
             Began as a Centaur Artificer on Apr 30, 2018.
             Killed themself with a badly aimed iceblast (8 damage)
             ... on level 2 of the Dungeon.
             The game lasted 00:06:57 (410 turns).

Iko the Charlatan (Centaur Artificer)                Turns: 410, Time: 00:06:58

Health: -1/28      AC:  3    Str: 14    XL:     3   Next: 64%
Magic:  5/5        EV: 10    Int: 10    God:
Gold:   31         SH:  0    Dex: 10    Spells: 2/2 levels left

rFire    . . .     SeeInvis .   a - +0 short sword
rCold    . . .     Gourm    .   (no shield)
rNeg     . . .     Faith    .   (no armour)
rPois    .         Spirit   .   (no helmet)
rElec    .         Reflect  .   (no cloak)
rCorr    .         Harm     .   (no gloves)
MR       .....                  (no barding)
Stlth    +.........             (no amulet)
HPRegen  0.09/turn              (no ring)
MPRegen  0.09/turn              (no ring)

@: lethally poisoned (-1 -> -4), very quick
A: large, hooves 3, deformed body, speed 2, tough skin 3
a: no special abilities


You were on level 2 of the Dungeon.
You were not hungry.

You visited 1 branch of the dungeon, and saw 2 of its levels.

You collected 31 gold pieces.

Inventory:

Hand Weapons
 a - a +0 short sword (weapon)
Armour
 g - a +0 ring mail
 i - a +0 scale mail
Wands
 c - a wand of flame (14)
 d - a wand of enslavement (14)
 e - a wand of random effects (15)
Scrolls
 h - a scroll of enchant weapon {unknown}
Comestibles
 f - 3 rations


   Skills:
 + Level 1.0 Fighting
 + Level 1.2 Short Blades
 + Level 0.1 Armour
 + Level 2.1 Dodging
 + Level 0.4 Stealth
 + Level 3.5 Evocations


You had 2 spell levels left.
You didn't know any spells.

Dungeon Overview and Level Annotations

Branches:
Dungeon (2/15)

Altars:

Annotations:
D:1 Terence


Innate Abilities, Weirdness & Mutations

You have hooves in place of feet.
Armour fits poorly on your strangely shaped body.
You cover ground very quickly.
You have extremely tough skin. (AC +3)


Message History

The adder bites you but does no damage.
You closely miss the adder.
The adder is heavily wounded.
The adder bites you.
You are poisoned.
The adder poisons you! The adder bites you but does no damage.
You closely miss the adder.
The adder is heavily wounded.
You feel sick. The adder barely misses you.
You closely miss the adder. Your kick misses the adder.
The adder is heavily wounded.
The adder bites you.
* * * LOW HITPOINT WARNING * * *
Aiming: Random Effects
Press: ? - help, Shift-Dir - straight line, f - adder
Aim: an adder (heavily wounded)
The mass of ice explodes!
The iceblast engulfs the adder.
You kill the adder!
The iceblast engulfs you!
You die...

. ##.# #S ... ... ########
.. #... #......### #. #....
###.<....######.######S.#.#
#####............@.@.....
###.@#####...#.#...## #†##
##...#.##### ...# #...###.#
#.### ##.#.##.## #.
#..###.## . #.## ##_######
## #####.# ##.#....
##..@..# ##.##.###
##..####...#.###)# #


There were no monsters in sight!

Vanquished Creatures
  3 adders (D:2)
  A giant cockroach (D:1)
  A goblin (D:2)
  3 hobgoblins (D:2)
  2 jackals (D:1)
  A ball python (D:2)
  A bat (D:1)
  A kobold (D:1)
  3 rats
16 creatures vanquished.

Vanquished Creatures (collateral kills)
  A hound skeleton (D:2)
  An adder (D:2)
  A rat (D:2)
3 creatures vanquished.

Grand Total: 19 creatures vanquished

Notes
Turn   | Place    | Note
-------+----------+-------------------------------------------
     0 | D:1      | Iko the Centaur Artificer began the quest for the Orb.
     0 | D:1      | Reached XP level 1. HP: 16/16 MP: 2/2
   104 | D:2      | Reached skill level 3 in Evocations
   104 | D:2      | Reached XP level 2. HP: 11/23 MP: 2/4
   181 | D:2      | Reached skill level 1 in Short Blades
   200 | D:2      | Found a faded altar of an unknown god.
   207 | D:2      | Noticed Terence
   215 | D:2      | Reached XP level 3. HP: 8/28 MP: 5/5
   410 | D:2      | Killed themself with a badly aimed iceblast

Skill      XL: |  1  2  3 |
---------------+----------+-----
Evocations     | 3 |  3.5
Short Blades   | 1 |  1.2
Dodging        | 2 |  2.1
Fighting       | |  1.0
Armour         | |  0.1
Stealth        | |  0.4

Action                   || total
-------------------------++-------
Melee: Short sword       ||    65
       Kick              ||    12
Evoke: Wand              ||     2
  Use: Scroll            ||     2
       Potion            ||     1
Armor: Ring mail         ||    26
       Skin              ||     7
Dodge: Dodged            ||    38
